 Dungeon Crawl Stone Soup version 0.29-a0-25-g7f48f510a0 (webtiles) character file.

Game seed: 1985312479712096732

79 funkygono the Firebug (level 4, -1/24 HPs)
             Began as a Gargoyle Fire Elementalist on Jan 31, 2022.
             Slain by an ogre (17 damage)
             ... on level 4 of the Dungeon.
             The game lasted 00:04:14 (2999 turns).

funkygono the Firebug (Gargoyle Fire Elementalist)  Turns: 2999, Time: 00:04:15

Health: -1/24      AC:  6    Str: 11    XL:     4   Next: 38%
Magic:  1/8        EV: 12    Int: 18    God:
Gold:   72         SH:  0    Dex: 10    Spells: 2/8 levels left

rFire   . . .      SeeInvis .   f - +1 whip
rCold   . . .      Faith    .   (no shield)
rNeg    + . .      Spirit   .   a - +0 robe
rPois   ∞          Reflect  .   m - +0 helmet
rElec   +          Harm     .   (no cloak)
rCorr   .          Rampage  .   (no gloves)
Will    .....                   (no boots)
Stlth   ++........              (no amulet)
HPRegen 0.08/turn               (no ring)
MPRegen 0.11/turn               (no ring)

@: very slightly contaminated
A: sickness immunity, AC +3, negative energy resistance 1, electricity
resistance, torment resistance 1, petrification resistance
a: no special abilities


You were on level 4 of the Dungeon.
You visited 1 branch of the dungeon, and saw 4 of its levels.

You collected 117 gold pieces.
You spent 45 gold pieces at shops.

Inventory:

Hand Weapons
 e - a +0 club
 f - a +1 whip (weapon)
Missiles
 i - 78 stones
Armour
 a - a +0 robe (worn)
 m - a +0 helmet (worn)
Wands
 g - a wand of iceblast (10)
Potions
 b - a potion of flight
 d - a potion of invisibility
 h - a potion of ambrosia


   Skills:
 + Level 0.1 Maces & Flails
 + Level 1.6 Dodging
 - Level 2.1 Stealth
 * Level 2.7 Spellcasting
 * Level 2.0 Conjurations
 * Level 4.1 Fire Magic


You had 2 spell levels left.
You knew the following spells:

 Your Spells              Type           Power      Damage    Failure   Level
a - Foxfire               Conj/Fire      52%        2x1d6     4%          1
b - Scorch                Fire           34%        2d6       4%          2
c - Conjure Flame         Conj/Fire      13%        6-21      14%         3

Your spell library contained the following spells:

 Spells                   Type           Power      Damage    Failure   Level
 Corpse Rot               Necr/Air       4%         N/A       26%         2
 Inner Flame              Hex/Fire       9%         N/A       22%         3
 Flame Wave               Conj/Fire      13%        2d6       43%         4
 Tukima's Dance           Hex            2%         N/A       45%         3
 Anguish                  Hex/Necr       1%         N/A       86%         4
 Dispel Undead            Necr           2%         3d7       86%         4
 Death Channel            Necr           1%         N/A       100%        6
 Enfeeble                 Hex            1%         N/A       100%        7


Dungeon Overview and Level Annotations

Branches:
Dungeon (4/15)
 Temple: D:4-7

Altars:
Sif Muna

Shops:
D:3 ([([(


Innate Abilities, Weirdness & Mutations

You are immune to sickness and miasma.
Your stone body is resilient. (AC +3)
You are immune to poison.
You resist negative energy. (rN+)
You are resistant to electric shocks. (rElec)
You are resistant to unholy torment.
You are immune to petrification.


Message History

Casting: Foxfire (safe; 4% risk of failure)
Confirm with . or Enter, or press ? or * to list all spells.
You conjure some foxfire!
Casting: Foxfire (safe; 4% risk of failure)
Confirm with . or Enter, or press ? or * to list all spells.
You miscast Foxfire.
Nothing appears to happen.
The foxfire hits the ogre.
The ogre is lightly wounded.
The foxfire hits the ogre.
The ogre is moderately wounded.
The foxfire hits the ogre.
The ogre is heavily wounded.
Casting: Foxfire (safe; 4% risk of failure)
Confirm with . or Enter, or press ? or * to list all spells.
You conjure some foxfire!
The foxfire hits the ogre.
The ogre is heavily wounded.
A hobgoblin comes into view.
Casting: Foxfire (safe; 4% risk of failure)
Confirm with . or Enter, or press ? or * to list all spells.
You conjure some foxfire!
The foxfire hits the ogre but does no damage.
The ogre is heavily wounded.
Unknown command.
Casting: Foxfire (safe; 4% risk of failure)
Confirm with . or Enter, or press ? or * to list all spells.
You don't have enough magic to cast this spell.
Unknown command.
Casting: Foxfire (safe; 4% risk of failure)
Confirm with . or Enter, or press ? or * to list all spells.
You conjure some foxfire!
The foxfire hits the ogre but does no damage.
The ogre is heavily wounded.
The ogre hits you with a +0 giant spiked club!
Unknown command.
The foxfire hits the ogre.
The ogre is severely wounded.
The foxfire hits the ogre.
The ogre is severely wounded.
The ogre hits you with a +0 giant spiked club!
Ouch! That really hurt!
You die...

###... ... ##..
.. # ...
#......#. ....
.). ... ...
.....##..
..#.#.#.#.#.#..
#.....§vv......
#@#
......§.Og.....
..
..#.#.#.#.#.#w.
. ### .........
#. #.. #.# #.#
#.# #..##.. ...
... ..#
##..#... #.#
#.# ## #.....o.
#. ...
##.....<.
.......<.


You could see an ogre (ally target), a dart slug and a hobgoblin.

Vanquished Creatures
  2 adders (D:2)
  3 worms (D:3)
  2 dart slugs
  2 orcs
  4 ball pythons
  3 endoplasms
  3 giant cockroaches
  6 goblins
  4 hobgoblins
  2 jackals (D:2)
  2 quokkas
  4 bats
  5 kobolds
  2 rats (D:1)
44 creatures vanquished.

Vanquished Creatures (others)
  132 foxfires
132 creatures vanquished.

Grand Total: 176 creatures vanquished

Notes
Turn   | Place    | Note
-------+----------+-------------------------------------------
     0 | D:1      | funkygono the Gargoyle Fire Elementalist began the quest
                  | for the Orb.
     0 | D:1      | Reached XP level 1. HP: 10/10 MP: 3/3
   222 | D:1      | Reached XP level 2. HP: 5/15 MP: 1/5
   228 | D:1      | Learned a level 2 spell: Scorch
   414 | D:1      | Found a faded altar of an unknown god.
  1095 | D:1      | Reached XP level 3. HP: 16/19 MP: 1/6
  1099 | D:1      | Learned a level 3 spell: Conjure Flame
  1569 | D:2      | Reached skill level 4 in Fire Magic
  1936 | D:3      | Found a shimmering blue altar of Sif Muna.
  2007 | D:3      | Reached XP level 4. HP: 24/24 MP: 4/7
  2034 | D:3      | Found Feut's Armour Shoppe.
  2118 | D:3      | Found Jiud's Armour Boutique.
  2126 | D:3      | Bought a +0 helmet for 45 gold pieces
  2371 | D:3      | Found Kient's Weapon Shop.
  2509 | D:3      | Found Jieblon's Weapon Boutique.
  2594 | D:3      | Found Safin's Antique Weapon Boutique.
  2990 | D:4      | Noticed an ogre
  2999 | D:4      | Slain by an ogre

Illustrated notes

Levels and vault maps discovered:
D:1:      enne_arrival_octagon_isle, layout_loops_cross,
          hellmonk_ecumenical_altar_lost_god, st_stairs_14
D:2:      layout_rooms
D:3:      layout_loops_ring, lemuel_round_altar, serial_shops,
          nicolae_shop_bloodbath_and_beyond, nicolae_shop_crystal, shop, shop,
          shop, eino_tiny_chamber, nicolae_wormholes
D:4:      layout_cave_pools, st_stairs_10

Skill      XL: |  1  2  3  4 |
---------------+-------------+-----
Fire Magic     | 4 |  4.1
Conjurations   | 2 |  2.0
Maces & Flails | |  0.1
Dodging        | |  1.6
Stealth        | |  2.1
Spellcasting   | |  2.7

Action                   |  1- 3 |  4- 6 || total
-------------------------+-------+-------++-------
Melee: Club              |    10 |       ||    10
       Whip              |     4 |     3 ||     7
 Cast: Foxfire           |    49 |    28 ||    77
       Scorch            |     8 |     6 ||    14
  Use: Scroll            |       |     6 ||     6
Armor: Robe              |     2 |     2 ||     4
Dodge: Dodged            |    12 |     1 ||    13

Table legend: (Time is in decaauts)
 A = Elapsed time spent in this place.
 B = Non-inter-level travel time spent in this place.
 C = Inter-level travel time spent in this place.
 D = Time resting spent in this place.
 E = Time spent auto-exploring this place.
 F = Levels seen in this place.
 G = Mean time per level.
                   A        B        C        D        E       F      G
               +--------+--------+--------+--------+--------+-----+--------+
         Total |   3003 |   2946 |     57 |     93 |   2487 |   4 |  750.8 |
       Dungeon |   3003 |   2946 |     57 |     93 |   2487 |   4 |  750.8 |
               +--------+--------+--------+--------+--------+-----+--------+

Top non-repeatable levels by time:
     D:1: 1277 daAuts
     D:3: 1065 daAuts
     D:2: 644 daAuts
     D:4: 16 daAuts
